 Dungeon Crawl Stone Soup version 0.25-a0-424-g80bd347ae0 (webtiles) character file.

Game seed: 2784640666921352441, levelgen mode: deterministic

118 ChaosChampion the Insei (level 5, 0/33 HPs)
             Began as an Octopode Transmuter on Jan 23, 2020.
             Succumbed to an adder's poison
             ... on level 3 of the Dungeon.
             The game lasted 00:04:30 (1629 turns).

ChaosChampion the Insei (Octopode Transmuter)       Turns: 1629, Time: 00:04:31

Health: 0/33       AC:  1    Str: 14 (15) XL:     5   Next: 2%
Magic:  1/9        EV: 19    Int: 15 (16) God:
Gold:   73         SH:  0    Dex: 14 (17) Spells: 3/9 levels left

rFire    . . .     SeeInvis .     - Unarmed
rCold    . . .     Gourm    .   (no shield)
rNeg     . . .     Faith    .   (helmet restricted)
rPois    .         Spirit   .   (no amulet)
rElec    .         Reflect  .   (no ring)
rCorr    .         Harm     .   (no ring)
MR       .....                  (no ring)
Stlth    ++++......             (no ring)
HPRegen  0.11/turn              (no ring)
MPRegen  0.11/turn              (no ring)
                                (no ring)
                                (no ring)

@: mighty, agile, lethally poisoned (0 -> -6)
A: almost no armour, stealthy swim, amphibious, 8 rings, constrict 8, camouflage
1, gelatinous body 1
a: no special abilities


You were on level 3 of the Dungeon.
You were hungry.

You visited 1 branch of the dungeon, and saw 3 of its levels.

You collected 73 gold pieces.

Inventory:

Hand Weapons
 m - a +2 short sword of electrocution
Missiles
 a - 25 arrows
 j - 8 poisoned darts (quivered)
Jewellery
 g - an uncursed ring of wizardry {unknown}
 n - a +5 ring of intelligence {unknown}
Scrolls
 d - 2 scrolls of identify {unknown}
 e - 2 scrolls of enchant weapon {unknown}
 h - 5 scrolls of remove curse {unknown}
 q - a scroll of enchant armour {unknown}
Potions
 k - a potion of magic {unknown}
 p - a potion of degeneration
Comestibles
 c - 4 rations


   Skills:
 + Level 1.5 Fighting
 + Level 2.4 Dodging
 * Level 2.7 Stealth
 * Level 3.5 Unarmed Combat
 * Level 2.7 Spellcasting
 * Level 2.8 Transmutations


You had 3 spell levels left.
You knew the following spells:

 Your Spells              Type           Power        Failure   Level  Hunger
a - Beastly Appendage     Tmut           ##....       7%          1    #......
b - Sticks to Snakes      Tmut           ##......     10%         2    ##.....
c - Spider Form           Tmut/Pois      #.........   34%         3    ###....

Your spell library contained the following spells:

 Spells                   Type           Power        Failure   Level  Hunger
 Ice Form                 Ice/Tmut       #.......     75%         4    #####..
 Blade Hands              Tmut           ##........   88%         5    ######.


Dungeon Overview and Level Annotations

Branches:
Dungeon (2/15)

Altars:
Gozag
Hepliaklqana


Innate Abilities, Weirdness & Mutations

You cannot wear most types of armour.
You are very stealthy in the water. (Stealth+)
You are amphibious.
You can wear up to eight rings at the same time.
You can use your tentacles to constrict eight enemies at once.
Your skin changes colour to match your surroundings (Stealth+).
Your rubbery body absorbs attacks. (AC +1, EV +1)


Message History

You feel weakened.
You feel dopey.
You feel clumsy.
* * * LOW HITPOINT WARNING * * *
You feel sick.
It was a potion of brilliance.
You feel clever all of a sudden.
It was a potion of cancellation.
Your magical effects are unravelling.
You feel magically purged.
Your magical contamination has completely faded away.
Your tentacle spike disappears.
You feel a little less clever now.
* * * LOW HITPOINT WARNING * * *
You feel sick.
It was a potion of might.
You feel very mighty all of a sudden.
* * * LOW HITPOINT WARNING * * *
You feel sick.
Unknown command.
It was a potion of agility.
You feel agile all of a sudden.
You die...

##.......##.#
######..##.#
#..##.#
#..##.#
#..##.#
#..##.#
#..##.#
#..##.#
#..##@#
########.>...#
...........###
##########.#
#.# #.# ...
#.# ...


There were no monsters in sight!

Vanquished Creatures
  3 adders
  4 gnolls (D:2)
  An ooze (D:1)
  3 worms
  A leopard gecko (D:1)
  4 bats (D:1)
  3 giant cockroaches
  3 goblins
  5 hobgoblins
  2 jackals (D:1)
  A ball python (D:2)
  3 frilled lizards
  6 kobolds
  4 rats (D:1)
43 creatures vanquished.

Vanquished Creatures (collateral kills)
  A giant cockroach (D:1)
  A goblin (D:1)
2 creatures vanquished.

Grand Total: 45 creatures vanquished

Notes
Turn   | Place    | Note
-------+----------+-------------------------------------------
     0 | D:1      | ChaosChampion the Octopode Transmuter began the quest for
                  | the Orb.
     0 | D:1      | Reached XP level 1. HP: 13/13 MP: 3/3
    90 | D:1      | Reached XP level 2. HP: 4/18 MP: 3/5
    94 | D:1      | Learned a level 2 spell: Sticks to Snakes
   322 | D:1      | Reached skill level 1 in Stealth
   386 | D:1      | Reached XP level 3. HP: 4/23 MP: 3/6
   391 | D:1      | Learned a level 3 spell: Spider Form
  1360 | D:2      | Reached XP level 4. HP: 28/28 MP: 1/7
  1552 | D:2      | You fall into a shaft and drop 1 floor!
  1552 | D:3      | Found an opulent altar of Gozag.
  1552 | D:3      | Found a hazy altar of Hepliaklqana.
  1624 | D:3      | Reached XP level 5. HP: 5/33 MP: 1/9
  1628 | D:3      | HP: 1/33 [poisoned by an adder]
  1629 | D:3      | Succumbed to an adder's poison

Levels and vault maps discovered:
D:1:      elethiomel_arrival_quiet, layout_basic
D:2:      layout_loops_ring, first_ration, minmay_tetromino_o4
D:3:      layout_basic, grunt_temple_overflow_open

Skill      XL: |  1  2  3 |
---------------+----------+-----
Stealth        | 1 2 |  2.7
Fighting       | |  1.5
Dodging        | |  2.4
Unarmed Combat | |  3.5
Spellcasting   | |  2.7
Transmutations | |  2.8

Action                   |  1- 3 |  4- 6 || total
-------------------------+-------+-------++-------
Melee: Unarmed           |    79 |    34 ||   113
       Constrict         |    16 |     3 ||    19
       Tentacles         |     6 |     3 ||     9
       Kick              |    11 |     1 ||    12
       Punch             |     1 |       ||     1
 Cast: Beastly Appendage |     9 |     1 ||    10
       Sticks to Snakes  |     5 |     1 ||     6
       Spider Form       |     6 |     5 ||    11
  Use: Potion            |       |     5 ||     5
 Stab: Sleeping          |     3 |       ||     3
  Eat: Chunk             |     2 |     2 ||     4
Armor: Skin              |     5 |     2 ||     7
Dodge: Dodged            |    57 |    22 ||    79

Table legend:
 A = Non-vault XP
 B = Vault XP
 C = Vault XP percentage of total XP
 D = Non-vault monster count
 E = Vault monster count
 F = Vault count percentage of total count
                 A         B        C        D         E       F
            +---------+---------+-------+---------+---------+-------
      Total |     169 |       0 |   0.0 |      45 |       0 |   0.0
            +---------+---------+-------+---------+---------+-------
        D:1 |      49 |       0 |   0.0 |      27 |       0 |   0.0
        D:2 |     102 |       0 |   0.0 |      15 |       0 |   0.0
        D:3 |      18 |       0 |   0.0 |       3 |       0 |   0.0
            +---------+---------+-------+---------+---------+-------
